Map: Ruby Rock LE

Players

HoldTheDoor - Winner!

  • Race: Protoss Protoss
  • League: Diamond
  • Spawn Location: 11:00

Turozumo

  • Race: Zerg Zerg
  • League: Diamond
  • Spawn Location: 5:00

VOD

Have the link to the VOD?

Description

Time

  • Played on: May 20, 2026, 1:02 p.m.
  • Length: 11:58
Show
View Real Time Build Order
Export as new Build Order

HoldTheDoor Protoss - Winner!

Build Orders:  

Get SALT Encoding   

  12  0:00  Probe  
  13  0:12  Probe  
  14  0:19  Pylon  
  14  0:24  Probe  
  15  0:37  Probe  
  15  0:41  Forge  
  16  0:48  Pylon  
  16  0:51  Probe  
  17  1:04  Probe  
  18  1:08  Gateway  
  18  1:14  Assimilator  
  18  1:22  Photon Cannon  
  18  1:26  Pylon  
  18  1:34  Pylon  
  18  1:39  Probe  
  19  1:56  Zealot  
  19  1:59  Photon Cannon  
  21  2:06  Cybernetics Core  
  21  2:16  Photon Cannon  
  21  2:21  Assimilator  
  21  2:34  Probe  
  22  2:46  Probe  
  23  2:53  Stalker  
  23  2:58  Probe  
  26  3:02  Stargate  
  26  3:03  Pylon  
  26  3:06  Pylon  
  26  3:17  Photon Cannon  
  26  3:23  Shield Battery  
  26  3:34  Photon Cannon  
  26  3:37  Probe  
  27  4:00  Shield Battery  
  27  4:02  Pylon  
  27  4:03  Photon Cannon  
  27  4:07  Photon Cannon  
  27  4:16  Void Ray  
  31  4:29  Pylon  
  31  4:41  Shield Battery  
  31  4:42  Pylon  
  29  4:58  Void Ray  
  31  5:13  Photon Cannon  
  31  5:15  Photon Cannon  
  31  5:18  Pylon  
  31  5:20  Probe  
  32  5:27  Stalker  
  34  5:50  Pylon  
  34  5:52  Pylon  
  34  5:57  Void Ray  
  34  5:58  Shield Battery  
  38  6:33  Warp Gate  
  38  6:44  Pylon  
  38  6:48  Photon Cannon  
  42  7:31  Probe, Void Ray  
  43  7:56  Shield Battery  
  43  7:59  Robotics Facility  
  43  8:04  Photon Cannon  
  43  8:05  Pylon  
  43  8:12  Void Ray  
  47  8:27  Stalker  
  47  8:31  Gateway  
  47  8:33  Gateway  
  49  8:35  Pylon  
  49  8:40  Immortal  
  53  9:02  Zealot  
  55  9:18  Pylon  
  55  9:19  Observer  
  56  9:27  Stalker x2  
  60  9:39  Immortal  
  64  9:59  Zealot  
  66  10:00  Zealot x2  
  61  10:42  Stalker  
  67  10:43  Zealot  
  67  10:55  Immortal  
  65  11:01  Pylon  
  49  11:25  Adept x2  
  49  11:26  Adept  
Show
View Real Time Build Order
Export as new Build Order

Turozumo Zerg 

Build Orders: Pool First, Ravager All-In 

Get SALT Encoding   

  12  0:01  Drone  
  13  0:09  Drone  
  14  0:17  Overlord  
  14  0:36  Drone x3  
  17  0:47  Drone  
  18  0:52  Spawning Pool  
  17  0:58  Drone  
  18  1:10  Drone  
  19  1:19  Extractor, Drone  
  19  1:22  Hatchery  
  19  1:40  Spine Crawler, Overlord  
  19  1:46  Extractor  
  17  1:48  Drone, Queen  
  17  1:49  Roach Warren  
  19  2:29  Drone x2  
  21  2:30  Drone  
  21  2:35  Hatchery  
  21  2:41  Drone  
  22  2:56  Roach  
  24  3:01  Roach x3  
  30  3:13  Overlord  
  30  3:32  Ravager x3  
  30  3:33  Ravager  
  36  3:34  Roach x2  
  38  3:44  Overlord  
  38  4:01  Drone x2  
  38  4:02  Drone  
  41  4:03  Ravager x2  
  43  4:23  Roach x3  
  49  4:39  Roach  
  49  5:06  Lair  
  49  5:10  Spore Crawler  
  49  5:13  Spore Crawler  
  41  5:28  Roach, Zergling x2  
  35  6:04  Spore Crawler, Queen  
  34  6:07  Drone x3, Hydralisk Den  
  31  6:47  Hydralisk  
  31  6:48  Hydralisk x2  
  31  6:53  Grooved Spines  
  37  6:54  Overlord  
  37  6:59  Ravager  
  38  7:31  Overlord x3  
  38  7:49  Queen  
  40  7:57  Hydralisk x2  
  40  7:58  Hydralisk  
  46  8:03  Muscular Augments  
  46  8:08  Hydralisk x2  
  46  8:09  Hydralisk  
  52  8:19  Hydralisk  
  54  8:34  Hydralisk x2  
  54  8:35  Hydralisk x2  
  59  8:54  Hydralisk  
  61  8:56  Nydus Network, Hydralisk  
  62  9:29  Spore Crawler  
  61  9:32  Hydralisk, Spine Crawler x2  
  61  9:34  Zergling x4, Spore Crawler  
  61  9:35  Spore Crawler  
  59  10:04  Nydus Canal  
  57  10:09  Overlord x2  
  57  10:10  Overlord x2  
  55  10:26  Spawning Pool  
  40  11:09  Hydralisk x2  
  40  11:10  Hydralisk x3  
  37  11:25  Hydralisk  
  37  11:27  Hydralisk  
Tags
 
Matchup
PvZ
Opening
Pool First
Replay Pack
SC2Mai2026
Spawn Locations
Cross Positions
Add a new tag
Caveats
  • Supply blocks, unpowered buildings, or Contaminate may cause inaccurate times.
  • Supply counts are checked every 10 seconds.